 Dungeon Crawl Stone Soup version 0.30-a0-172-gc5509c9e31 (webtiles) character file.

Game seed: 6365670154309720192

207 blackman the Slasher (level 5, -3/38 HPs)
             Began as a Demigod Wanderer on Oct 2, 2022.
             Slain by a scorpion (7 damage)
             ... on level 2 of the Dungeon.
             The game lasted 00:01:56 (1111 turns).

blackman the Slasher (Demigod Wanderer)             Turns: 1111, Time: 00:01:57

Health: -3/38      AC:  2    Str:  9    XL:     5   Next: 28%
Magic:  7/7        EV: 11    Int: 17    God:
Gold:   110        SH:  0    Dex: 20    Spells: 4/4 levels left

rFire   . . .      SeeInvis .    n - +2 dagger (vamp)
rCold   . . .      Faith    .    (no shield)
rNeg    . . .      Spirit   .    g - +0 robe
rPois   .          Reflect  .    (no helmet)
rElec   .          Harm     .    (no cloak)
rCorr   .          Rampage  .    (no gloves)
Will    .....                    (no boots)
Stlth   ++........               (no amulet)
HPRegen 0.26/turn                (no ring)
MPRegen 0.10/turn                (no ring)

@: mighty, brilliant, lethally poisoned (-3 -> -20), hasted, very quick
A: high MP 1, forlorn, divine attributes, clever 1, mutation resistance 1
a: no special abilities


You were on level 2 of the Dungeon.
You visited 1 branch of the dungeon, and saw 2 of its levels.

You collected 110 gold pieces.

Inventory:

Hand Weapons
 a - a +2 dagger
 c - a +0 short sword
 e - a +0 dagger
 n - a +2 vampiric dagger (weapon)
Missiles
 d - 12 poisoned darts (quivered)
Armour
 g - a +0 robe (worn)
Scrolls
 f - a scroll of butterflies
 i - 2 scrolls of identify {unknown}
 l - 2 scrolls of teleportation {unknown}
 o - a scroll of immolation {unknown}
Potions
 b - 2 potions of haste
 j - a potion of might
 k - 2 potions of degeneration {unknown}
 m - a potion of mutation


   Skills:
 - Level 2.6(4.1) Short Blades
 * Level 4.9(5.2) Long Blades
 - Level 2.6 Throwing
 - Level 1.0 Armour
 - Level 2.6 Stealth


You had 4 spell levels left.
You didn't know any spells.
Your spell library was empty.

Dungeon Overview and Level Annotations

Branches:
Dungeon (2/15)


Innate Abilities, Weirdness & Mutations

You have an increased reservoir of magic. (+10% MP)
You shall have no god before yourself.
Your divine heritage dramatically boosts your attributes as you level up.
Your mind is acute. (Int +4, Str/Dex -1)
You are somewhat resistant to further mutation.


Message History

The scorpion is lightly wounded.
You feel sick. The scorpion stings you!
You are more poisoned.
The scorpion poisons you!
You are too injured to fight recklessly!
You are too injured to fight recklessly!
You are too injured to fight recklessly!
You are too injured to fight recklessly!
You are too injured to fight recklessly!
You are too injured to fight recklessly!
You are too injured to fight recklessly!
You are too injured to fight recklessly!
You are too injured to fight recklessly!
You are too injured to fight recklessly!
You are too injured to fight recklessly!
You are too injured to fight recklessly!
You are too injured to fight recklessly!
You are too injured to fight recklessly!
You are too injured to fight recklessly!
You are too injured to fight recklessly!
You are too injured to fight recklessly!
You feel yourself speed up.
You feel very sick. The scorpion misses you.
It was a potion of might.
You feel very mighty all of a sudden.
You feel sick. The scorpion closely misses you.
It was a potion of brilliance.
You feel clever all of a sudden.
* * * LOW HITPOINT WARNING * * *
You feel sick. The scorpion stings you.
* * * LOW HITPOINT WARNING * * *
You are more poisoned.
The scorpion poisons you!
It was a potion of mutation.
You feel extremely strange.
You feel clever.
You feel genetically stable.
* * * LOW HITPOINT WARNING * * *
You feel very sick. The scorpion stings you!
You die...

#.†............. .......
#............... .......
#............... ......
#............... .....
#............... #...
#............... #...
#.............##
...#...##.........>..###
.......@..######........
...#..s##.# ###......
#... #.# #...... ####
#.# #...... #.# #......
#.# #...... #.# #......
#.# #...... #.# #......


You could see a scorpion.

Vanquished Creatures
  Sigmund (D:2)
  An adder (D:2)
  3 dart slugs (D:1)
  2 ball pythons (D:1)
  A bat (D:1)
  4 endoplasms
  2 giant cockroaches
  3 goblins (D:1)
  3 hobgoblins (D:1)
  2 jackals (D:1)
  A quokka (D:1)
  3 frilled lizards
  4 kobolds
  A rat (D:1)
31 creatures vanquished.

Notes
Turn   | Place    | Note
-------+----------+-------------------------------------------
     0 | D:1      | blackman the Demigod Wanderer began the quest for the Orb.
     0 | D:1      | blackman set off with the following items: a +2 dagger, a
                  | potion of haste, a +0 short sword, 12 poisoned darts, a +0
                  | dagger, a scroll of butterflies, a +0 robe.
     0 | D:1      | Reached XP level 1. HP: 14/14 MP: 3/3
    71 | D:1      | Reached skill level 1 in Long Blades
   156 | D:1      | Reached XP level 2. HP: 19/20 MP: 4/4
   245 | D:1      | Reached skill level 2 in Long Blades
   697 | D:1      | Reached XP level 3. HP: 17/26 MP: 5/5
   971 | D:2      | Noticed Sigmund
   977 | D:2      | Killed Sigmund
   978 | D:2      | Reached skill level 4 in Long Blades
   978 | D:2      | Reached XP level 4. HP: 33/33 MP: 6/6
   978 | D:2      | Reached XP level 5. HP: 38/38 MP: 7/7
  1111 | D:2      | Gained mutation: Your mind is acute. (Int +4, Str/Dex -1)
                  | [potion of mutation]
  1111 | D:2      | Gained mutation: You are somewhat resistant to further
                  | mutation. [potion of mutation]
  1111 | D:2      | Slain by a scorpion

Illustrated notes

Levels and vault maps discovered:
D:1:      onia_arrival_pyramid, layout_loops_ring,
          dreamdust_ecumenical_altar_grove, serial_bayou_pond_d,
          hangedman_decor_slide_cut
D:2:      layout_basic, bh_walls_and_bars, uniq_sigmund

Skill      XL: |  1  2  3 |
---------------+----------+-----
Long Blades    | 1 2 4 |  4.9
Short Blades   | |  2.6
Throwing       | |  2.6
Armour         | |  1.0
Stealth        | |  2.6

Action                   |  1- 3 |  4- 6 || total
-------------------------+-------+-------++-------
Melee: Dagger            |    73 |    17 ||    90
       Punch             |     1 |       ||     1
  Use: Potion            |       |     4 ||     4
 Stab: Sleeping          |     6 |     1 ||     7
Armor: Robe              |     6 |     3 ||     9
Dodge: Dodged            |    34 |     8 ||    42

Table legend: (Time is in decaauts)
 A = Elapsed time spent in this place.
 B = Non-inter-level travel time spent in this place.
 C = Inter-level travel time spent in this place.
 D = Time resting spent in this place.
 E = Time spent auto-exploring this place.
 F = Levels seen in this place.
 G = Mean time per level.
                   A        B        C        D        E       F      G
               +--------+--------+--------+--------+--------+-----+--------+
         Total |   1096 |   1073 |     23 |      0 |    843 |   2 |  548.0 |
       Dungeon |   1096 |   1073 |     23 |      0 |    843 |   2 |  548.0 |
               +--------+--------+--------+--------+--------+-----+--------+

Top non-repeatable levels by time:
     D:1: 943 daAuts
     D:2: 153 daAuts
